 Dungeon Crawl Stone Soup version 0.30-a0-967-g9b59a09336 (webtiles) character file.

Game seed: 1897140140303507363

495 Cecky the Ruffian (level 6, -4/59 HPs)
             Began as a Troll Warper on Mar 31, 2023.
             Was a Follower of Qazlal.
             Slain by a black bear (6 damage)
             ... on level 4 of the Dungeon.
             The game lasted 00:05:58 (2690 turns).

Cecky the Ruffian (Troll Warper)                    Turns: 2690, Time: 00:05:58

Health: -4/59      AC:  5    Str: 22    XL:     6   Next: 92%
Magic:  6/6        EV:  9    Int:  9    God:    Qazlal [*.....]
Gold:   162        SH:  1    Dex:  9    Spells: 7/7 levels left

rFire   + . .      SeeInvis .      - Unarmed
rCold   + + .      Faith    .    (no shield)
rNeg    . . .      Spirit   .    a - +0 robe
rPois   +          Reflect  .    (helmet restricted)
rElec   +          Rampage  .    f - +0 cloak
rCorr   +                        (gloves unavailable)
Will    .....                    (boots unavailable)
Stlth   +                        (no amulet)
HPRegen 1.09/turn                w - ring of protection from cold
MPRegen 0.10/turn                (no ring)

@: resistant
A: large, unfitting armour, claws 3, regeneration 1, shaggy fur 1, tough skin 1
a: Renounce Religion


You were on level 4 of the Dungeon.
You worshipped Qazlal.
Qazlal was aware of your devotion.
You visited 1 branch of the dungeon, and saw 5 of its levels.

You collected 162 gold pieces.

Inventory:

Missiles
 c - 7 boomerangs of dispersal (quivered)
 j - 3 large rocks
 t - 5 poisoned darts
Armour
 a - a +0 robe (worn)
 f - a +0 cloak (worn)
Jewellery
 k - a ring of fire
 w - a ring of protection from cold (left claw)
Scrolls
 b - 2 scrolls of blinking
 d - 4 scrolls of identify {unknown}
 g - 4 scrolls of teleportation {unknown}
 m - a scroll of poison {unknown}
 n - 2 scrolls of brand weapon {unknown}
 o - a scroll of immolation {unknown}
 p - 2 scrolls of silence {unknown}
 y - a scroll of enchant weapon {unknown}
Potions
 e - a potion of resistance
 h - a potion of degeneration {unknown}
 i - a potion of brilliance {unknown}
 l - a potion of might {unknown}
 q - a potion of mutation {unknown}
 r - a potion of heal wounds {unknown}
 s - a potion of cancellation {unknown}
 u - a potion of haste {unknown}
 v - a potion of curing {unknown}
 x - a potion of lignification {unknown}
 z - a potion of berserk rage {unknown}


   Skills:
 + Level 2.7 Fighting
 - Level 0.8 Throwing
 - Level 1.9 Dodging
 + Level 7.0 Unarmed Combat
 - Level 1.2 Spellcasting
 - Level 2.1 Translocations


You had 7 spell levels left.
You didn't know any spells.
Your spell library contained the following spells:

 Spells                   Type           Power      Damage    Failure   Level
 Blink                    Tloc           8%         N/A       22%         2
 Lesser Beckoning         Tloc           8%         N/A       22%         2
 Sting                    Tmut/Pois      0%         1d3       36%         1
 Teleport Other           Tloc           4%         N/A       41%         3
 Vhi's Electric Charge    Tloc/Air       4%         N/A       56%         3
 Manifold Assault         Tloc           4%         N/A       82%         4
 Agony                    Necr           0%         N/A       100%        5
 Yara's Violent Unravell  Hex/Tmut       0%         3d3       100%        5
 Storm Form               Tmut/Air       0%         N/A       100%        7


Dungeon Overview and Level Annotations

Branches:
Dungeon (5/15)
 Temple: D:4-7

Altars:
Ashenzari
Cheibriados
Qazlal
Xom

Annotations:
D:5 Grinder


Innate Abilities, Weirdness & Mutations

You are too large for most types of armour.
You have claws for hands.
Your natural rate of healing is unusually fast.
You are covered in fur. (AC +1)
You have tough skin. (AC +1)


Message History

The black bear barely misses you. The black bear claws you. x2
You scratch the black bear but do no damage.
Your claw misses the black bear.
The black bear is moderately wounded.
The black bear barely misses you.
The black bear claws you but does no damage.
The black bear completely misses you.
You barely miss the black bear.
The black bear is moderately wounded.
The black bear bites you but does no damage.
The black bear claws you. The black bear closely misses you.
The black bear barely misses you.
The black bear claws you but does no damage.
The black bear claws you.
You climb upwards.
There is a stone staircase leading down here.
You claw the black bear!
The black bear is severely wounded.
The black bear goes berserk!
You closely miss the black bear.
The black bear is severely wounded.
The black bear bites you. The black bear claws you. x2
You scratch the black bear.
The black bear is almost dead.
The black bear completely misses you.
The black bear claws you but does no damage.
The black bear claws you.
* * * LOW HITPOINT WARNING * * *
You closely miss the black bear.
The black bear is almost dead.
The black bear bites you!
* * * LOW HITPOINT WARNING * * *
The black bear claws you.
* * * LOW HITPOINT WARNING * * *
The black bear claws you.
* * * LOW HITPOINT WARNING * * *
It was a potion of resistance.
You feel protected. The black bear bites you.
You die...

#.# #.# #.##..### ###.##### #.#
#.##..# ........# #.# #.##..#
.##.###.# ##.## #.....##
.##.###.# ##...## ##.....##
.##..##.# ##.#...## ##.......#
.##...#.######.##....###.........
................☼h.....+.........
........########@...####.........
###...### #...## ##.......# #..(#
#.### ##.....## ##.## #.# ##...##
#.# #.# ##'## #.# #.# #.# ####.#
#.# #.# .....# ##.####### ##.##
###### #.....##.####...###


You could see a black bear (berserk).

Vanquished Creatures
  2 water moccasins (D:4)
  An ogre (D:4)
  A hound (D:5)
  Crazy Yiuf (D:3)
  An iguana (D:5)
  5 adders
  A white imp (D:5)
  A worm (D:4)
  2 dart slugs
  An orc (D:3)
  A bat (D:1)
  4 endoplasms
  4 giant cockroaches
  4 goblins
  8 hobgoblins
  6 jackals
  3 quokkas
  3 ball pythons
  A frilled lizard (D:1)
  3 kobolds
  3 rats
  A bush (D:3)
57 creatures vanquished.

Notes
Turn   | Place    | Note
-------+----------+-------------------------------------------
     0 | D:1      | Cecky the Troll Warper began the quest for the Orb.
     0 | D:1      | Reached XP level 1. HP: 19/19 MP: 1/1
   168 | D:1      | Reached XP level 2. HP: 28/28 MP: 2/2
   555 | D:2      | Reached skill level 3 in Unarmed Combat
   555 | D:2      | Reached XP level 3. HP: 35/35 MP: 3/3
  1070 | D:3      | Found a stormy altar of Qazlal.
  1071 | D:3      | Found a snail-covered altar of Cheibriados.
  1071 | D:3      | Found a shimmering altar of Xom.
  1165 | D:3      | Became a worshipper of Qazlal Stormbringer
  1335 | D:3      | Reached XP level 4. HP: 42/42 MP: 4/4
  1336 | D:3      | Found a broken altar of Ashenzari.
  1466 | D:3      | Got the Spellbook of Altered Stolen Souls
  1490 | D:3      | Found a runed translucent door.
  1491 | D:3      | Noticed Crazy Yiuf
  1497 | D:3      | Killed Crazy Yiuf
  1498 | D:3      | Reached skill level 4 in Unarmed Combat
  1891 | D:4      | Noticed a water moccasin
  1898 | D:4      | Killed a water moccasin
  1899 | D:4      | Reached skill level 5 in Unarmed Combat
  1899 | D:4      | Reached XP level 5. HP: 48/50 MP: 5/5
  2103 | D:4      | Noticed a water moccasin
  2115 | D:4      | Killed a water moccasin
  2116 | D:4      | Reached skill level 6 in Unarmed Combat
  2116 | D:4      | Reached XP level 6. HP: 49/59 MP: 6/6
  2475 | D:5      | Entered Level 5 of the Dungeon
  2514 | D:5      | Reached skill level 7 in Unarmed Combat
  2519 | D:5      | Reached * piety under Qazlal
  2659 | D:5      | Noticed Grinder
  2661 | D:5      | Paralysed by Grinder for 5 turns
  2689 | D:4      | HP: 2/59 [black bear (2)]
  2690 | D:4      | Slain by a black bear

Illustrated notes

Levels and vault maps discovered:
D:1:      roderic_dead_forest, layout_loops_ring, minmay_misc_feat_tower
D:2:      layout_rooms, chequers_serial_rivers_micro_d
D:3:      layout_basic, nicolae_ashenzari_skybound,
          gammafunk_temple_overflow_forgotten, feat_on_display,
          uniq_crazy_yiuf_cottage
D:4:      layout_loops_corners
D:5:      layout_cave_pools, tso_oasis_becter, minmay_misc_feat_plants,
          uniq_grinder, uniq_prince_ribbit1, uniq_blork_the_orc

Skill      XL: |  1  2  3  4  5  6 |
---------------+-------------------+-----
Fighting       | 2 |  2.7
Unarmed Combat | 3 5 6 7 |  7.0
Throwing       | |  0.8
Dodging        | |  1.9
Spellcasting   | |  1.2
Translocations | |  2.1

Action                     |  1- 3 |  4- 6 || total
---------------------------+-------+-------++-------
  Melee: Unarmed           |   126 |    77 ||   203
         Punch             |     2 |       ||     2
    Use: Potion            |       |     1 ||     1
 Armour: Robe              |    44 |    27 ||    71
  Dodge: Dodged            |    38 |    33 ||    71
  Block: Other             |       |     1 ||     1

Table legend: (Time is in decaauts)
 A = Elapsed time spent in this place.
 B = Non-inter-level travel time spent in this place.
 C = Inter-level travel time spent in this place.
 D = Time resting spent in this place.
 E = Time spent auto-exploring this place.
 F = Levels seen in this place.
 G = Mean time per level.
                   A        B        C        D        E       F      G
               +--------+--------+--------+--------+--------+-----+--------+
         Total |   2673 |   2586 |     87 |    182 |   1822 |   5 |  534.6 |
       Dungeon |   2673 |   2586 |     87 |    182 |   1822 |   5 |  534.6 |
               +--------+--------+--------+--------+--------+-----+--------+

Top non-repeatable levels by time:
     D:4: 846 daAuts
     D:3: 660 daAuts
     D:1: 546 daAuts
     D:2: 413 daAuts
     D:5: 206 daAuts
